AoeStats
← a.l.a.n.t

Hill Fort

505407012Analyzed
4v4 RM · 23d ago on Sep 9, 2026· 46m 18s· 8 players
Game mode
Random Map
Map size
Large (8 player)
Population
200
Speed
Normal
Resources
Standard
Victory
Conquest
Starting age
Dark Age
Ending age
Imperial Age
RankedLock teamsTeams togetherTeam positionsShared explorationLock speedFull tech treeHidden civsTurbo modeCheats
Victory
Defeat
🇺🇸 Poles · United States
1636
+5
🇮🇳 Huns · India
1634
+5
🇨🇿 Bohemians · Czechia
1231
+18
🇧🇪 Saracens · Belgium
1186
+20
🇺🇸 Portuguese · United States
1464
-17
🇨🇳 Vietnamese · China
1331
-12
🇬🇧 Tupi · United Kingdom
1325
-12
🇹🇷 Burmese · Türkiye
1176
-7
XERSVIRUS
10:30 Feudal Age
10:58 Loom
11:49 Wheelbarrow
11:01 Double-Bit Axe
11:45 Horse Collar
13:16 Fishing Lines
20:58 Castle Age
23:05 Bow Saw
24:12 Gillnets
25:03 Gold Mining
26:06 Stone Mining
26:27 Fletching
27:20 Hand Cart
28:43 Bodkin Arrow
36:26 Imperial Age
34:32 Caravan
34:34 Pikeman
35:21 Circumnavigation
36:33 Scale Mail Armor
36:51 Fortified Wall
37:08 Forging
37:32 Chain Mail Armor
38:20 Chemistry
37:23 Arquebus
37:44 Conscription
38:37 Two-Man Saw
38:41 Coinage
38:22 Guilds
38:58 Siege Engineers
39:14 Ballistics
38:35 Treadmill Crane
39:05 Masonry
39:31 Plate Mail Armor
39:38 Iron Casting
38:29 Man-at-Arms
39:08 Capped Ram
41:23 Blast Furnace
40:45 Gambesons
40:21 Long Swordsman
40:46 Arson
40:56 Two-Handed Swordsman
42:09 Bombard Tower
41:29 Champion
43:32 Padded Archer Armor
45:01 Stone Shaft Mining
44:45 Leather Archer Armor
46:08 Onager
Frosty
8:54 Loom
11:41 Feudal Age
16:17 Castle Age
14:42 Horse Collar
17:31 Heavy Plow
18:36 Stone Mining
21:31 Wheelbarrow
20:44 Town Watch
22:15 Fletching
23:02 Bodkin Arrow
25:21 Gold Mining
29:55 Gold Shaft Mining
29:54 Padded Archer Armor
31:37 Hand Cart
35:01 Imperial Age
33:17 Ballistics
33:10 Bloodlines
33:01 Husbandry
33:43 Town Patrol
36:08 Parthian Tactics
36:47 Chemistry
35:52 Bracer
39:40 Crop Rotation
41:06 Elite Arambai
41:50 Elite Arambai
42:58 Conscription
44:10 Conscription
xcfotrp131
11:02 Feudal Age
15:04 Castle Age
13:39 Double-Bit Axe
13:48 Horse Collar
18:59 Loom
21:46 Wheelbarrow
24:05 Bow Saw
25:18 Fletching
27:16 Padded Archer Armor
29:24 Bodkin Arrow
31:02 Leather Archer Armor
33:54 Gold Mining
39:27 Imperial Age
38:03 Ballistics
38:39 Stone Mining
39:11 Hand Cart
40:30 Paper Money
40:07 Elite Rattan Archer
42:21 Ring Archer Armor
41:52 Bracer
43:37 Chemistry
45:52 Forging
45:42 Scale Mail Armor
46:58 Two-Man Saw
a.l.a.n.t
11:06 Feudal Age
12:43 Loom
15:26 Castle Age
14:38 Double-Bit Axe
14:39 Horse Collar
19:10 Bow Saw
20:25 Fletching
23:56 Bodkin Arrow
27:38 Padded Archer Armor
31:12 Town Watch
32:03 Wheelbarrow
32:52 Leather Archer Armor
37:42 Imperial Age
35:36 Town Patrol
38:10 Scale Mail Armor
38:39 Caravan
39:02 Bracer
39:32 Ring Archer Armor
39:21 Chain Mail Armor
39:16 Forging
38:34 Elite Blackwood Archer
39:37 Conscription
39:33 Champi Runner
40:15 Squires
40:12 Arson
40:49 Curare
40:15 Champi Warrior
42:09 Chemistry
41:31 Ballistics
42:47 Plate Mail Armor
42:52 Iron Casting
twitch.tv/s0laf1d3
11:21 Feudal Age
15:22 Castle Age
13:38 Double-Bit Axe
14:17 Horse Collar
15:08 Fletching
16:29 Bodkin Arrow
16:42 Loom
18:36 Padded Archer Armor
22:32 Wheelbarrow
23:33 Ballistics
24:26 Thumb Ring
24:38 Leather Archer Armor
25:25 Husbandry
25:35 Bloodlines
30:22 Heavy Plow
32:05 Hand Cart
32:51 Town Watch
37:31 Imperial Age
36:31 Stone Mining
36:32 Gold Mining
38:07 Heavy Cavalry Archer
38:49 Bracer
39:53 Chemistry
40:55 Crop Rotation
41:08 Bow Saw
41:42 Stone Shaft Mining
41:42 Conscription
41:32 Scale Barding Armor
41:37 Forging
42:28 Caravan
43:13 Chain Barding Armor
42:14 Light Cavalry
42:19 Elite Skirmisher
43:51 Masonry
44:18 Iron Casting
43:04 Winged Hussar
43:45 Treadmill Crane
46:33 Blast Furnace
Kvety
10:36 Feudal Age
11:38 Loom
15:37 Castle Age
15:04 Double-Bit Axe
15:00 Horse Collar
16:54 Bow Saw
17:09 Town Watch
27:36 Wheelbarrow
28:28 Heavy Plow
28:53 Wagenburg Tactics
29:12 Hand Cart
34:07 Imperial Age
32:54 Sanctity
32:46 Fervor
32:58 Sanctity
34:34 Chemistry
34:20 Padded Archer Armor
34:11 Fletching
35:41 Conscription
37:42 Siege Engineers
38:02 Houfnice
38:12 Elite Hussite Wagon
39:52 Ballistics
42:35 Caravan
LanaAio
10:26 Feudal Age
10:42 Feudal Age
12:11 Loom
15:12 Castle Age
14:03 Horse Collar
19:07 Double-Bit Axe
20:33 Fletching
21:29 Gold Mining
22:49 Scale Barding Armor
22:57 Forging
24:59 Bloodlines
26:24 Chain Barding Armor
28:36 Heavy Plow
29:25 Iron Casting
30:02 Bow Saw
32:10 Wheelbarrow
35:23 Imperial Age
33:47 Bimaristan
34:36 Gold Shaft Mining
34:44 Hand Cart
35:51 Sanctity
35:43 Fervor
36:29 Bodkin Arrow
37:51 Plate Barding Armor
38:16 Blast Furnace
37:55 Husbandry
38:44 Bracer
38:38 Elite Mameluke
43:14 Light Cavalry
43:57 Padded Archer Armor
44:45 Caravan
Lord Snow
9:07 Loom
10:52 Feudal Age
12:41 Double-Bit Axe
15:29 Castle Age
13:41 Fletching
16:14 Bodkin Arrow
16:40 Bow Saw
16:53 Horse Collar
26:22 Wheelbarrow
27:10 Heavy Plow
27:54 Town Watch
29:49 Bloodlines
29:40 Husbandry
30:41 Hand Cart
31:07 Stone Mining
31:08 Gold Mining
36:55 Imperial Age
34:49 Ballistics
34:39 Masonry
34:25 Murder Holes
34:52 Thumb Ring
35:48 Town Patrol
35:50 Marauders
37:05 Scale Barding Armor
37:11 Forging
37:01 Padded Archer Armor
37:38 Bracer
38:44 Chemistry
37:07 Heavy Cavalry Archer
39:22 Chain Barding Armor
42:00 Plate Barding Armor
42:00 Iron Casting
41:41 Leather Archer Armor
42:03 Caravan
42:34 Coinage
42:14 Guilds
44:17 Two-Man Saw
43:49 Banking
43:30 Guilds
44:55 Elite Tarkan
46:58 Blast Furnace
Connection lost

Rejoining the realm…

Still unreachable

The connection could not be restored.

Session expired

The server has moved on; the page needs a fresh start.